Nashville Predators vs Philadelphia Flyers
Created - Tuesday, December 12, 2023 at 07:26
Goals
|
| Nashville Predators |
0 |
0 |
1 |
1 |
| Philadelphia Flyers |
4 |
2 |
1 |
7 |
|
Shots
|
| Nashville Predators |
19 |
6 |
11 |
36 |
| Philadelphia Flyers |
18 |
11 |
6 |
35 |
|
1st period
1. Philadelphia Flyers , Max Pacioretty 20 (Vladimir Tarasenko 21, Elias Lindholm 45) at 1:31
2. Philadelphia Flyers , Elias Lindholm 38 (Oliver Ekman-Larsson 23, Vladimir Tarasenko 22) at 8:03
3. Philadelphia Flyers , Auston Matthews 35 (Bryan Rust 21, Matt Duchene 32) at 10:16
4. Philadelphia Flyers , Radek Faksa 8 (Tyler Johnson 26) at 11:19
Penalties :
No Penalty
2nd period
5. Philadelphia Flyers , Oliver Ekman-Larsson 2 (Bryan Rust 22) at 16:21
6. Philadelphia Flyers , Marcus Johansson 33 (Tyler Johnson 27, Radek Faksa 20) at 17:22
Penalties :
Charles Hudon (PHI) for Fighting (Major) at 17:48, Ryan Carpenter (NSH) for Fighting (Major) at 17:48
3rd period
7. Nashville Predators , Sam Gagner 20 (Justin Braun 8, Riley Nash 23) at 2:55
8. Philadelphia Flyers , Auston Matthews 36 (Max Pacioretty 34) at 16:05 (PP)
Penalties :
Oliver Ekman-Larsson (PHI) for High sticking (Minor) at 6:33, Alex Newhook (NSH) for Hooking (Minor) at 15:57, Max Pacioretty (PHI) for Hooking (Minor) at 16:24
Goalie Stats
Anthony Stolarz (NSH), 5 saves from 6 shots - (0.833), 7:55 minutes
Adin Hill (NSH), 23 saves from 29 shots - (0.793), L, 22-19-7, 52:05 minutes
Jake Allen (PHI), 35 saves from 36 shots - (0.972), W, 17-11-4, 60:00 minutes
Players Stats for Nashville Predators
Player Name G A P +/- PIM S H SB GA TA FO MP PP MP PK MP
------------------------------------------------------------------------------------
Alex Newhook 0 0 0 -3 2 4 1 1 0 1 2/2 17:34 1:57 0:00
Blake Wheeler 0 0 0 0 0 3 2 0 1 1 2/21 17:43 2:01 0:08
Cale Makar 0 0 0 -2 0 5 0 0 2 1 0/0 22:10 2:04 0:08
Cameron Hughes 0 0 0 0 0 0 0 0 0 0 0/0 10:18 0:00 0:00
Corey Perry 0 0 0 0 0 6 4 1 0 0 0/0 17:43 2:01 0:08
Ethan Bear 0 0 0 -1 0 1 1 0 0 1 0/0 21:09 1:54 0:00
Justin Braun 0 1 1 -2 0 1 1 3 0 1 0/0 16:41 0:00 0:00
Kevin Labanc 0 0 0 0 0 2 0 0 0 1 0/1 17:35 2:01 0:00
Nate Schmidt 0 0 0 -1 0 1 1 0 0 3 0/0 21:09 1:54 0:00
Oliver Kylington 0 0 0 -2 0 1 0 2 0 1 0/0 16:41 0:00 0:00
Patrick Maroon 0 0 0 -2 0 1 0 0 0 1 0/0 14:24 0:00 0:00
Rasmus Kupari 0 0 0 0 0 0 1 0 0 0 0/0 10:18 0:00 0:00
Rasmus Ristolainen 0 0 0 -2 0 0 0 3 0 1 0/0 22:10 2:04 0:08
Riley Nash 0 1 1 -2 0 1 1 0 1 1 1/9 14:24 0:00 0:00
Ryan Carpenter 0 0 0 -3 5 1 2 0 0 0 0/0 12:39 0:00 0:00
Sam Gagner 1 0 1 1 0 3 0 0 0 0 0/2 12:02 0:00 0:00
Thomas Novak 0 0 0 -3 0 4 0 0 0 1 9/16 17:35 1:57 0:00
Zemgus Girgensons 0 0 0 -3 0 2 2 1 1 0 2/2 17:35 1:57 0:00
Players Stats for Philadelphia Flyers
Player Name G A P +/- PIM S H SB GA TA FO MP PP MP PK MP
------------------------------------------------------------------------------------
Artem Zub 0 0 0 2 0 1 1 0 1 1 0/0 20:27 0:00 1:58
Auston Matthews 2 0 2 2 0 5 1 0 1 0 13/15 15:21 0:08 0:04
Ben Chiarot 0 0 0 2 0 0 2 1 0 0 0/0 21:07 0:00 2:00
Bryan Rust 0 2 2 2 0 2 1 0 1 1 0/0 16:04 0:00 1:51
Charles Hudon 0 0 0 0 5 0 0 1 1 0 8/13 12:16 0:00 0:00
Elias Lindholm 1 1 2 2 0 4 1 0 2 0 6/11 16:37 0:00 2:03
Erik Gustafsson 0 0 0 1 0 0 1 0 1 0 0/0 18:18 0:00 0:00
Jesper Fast 0 0 0 0 0 4 0 0 0 1 0/1 15:36 0:00 1:51
Justin Faulk 0 0 0 2 0 0 2 0 1 0 0/0 21:19 0:08 1:58
Marcus Johansson 1 0 1 1 0 2 1 0 0 0 0/1 14:18 0:00 0:16
Matt Duchene 0 1 1 2 0 4 1 0 1 0 1/1 14:21 0:08 0:00
Matt Roy 0 0 0 1 0 1 1 2 2 2 0/0 20:18 0:00 2:00
Max Pacioretty 1 1 2 2 2 2 0 0 0 0 0/0 14:04 0:08 0:00
Oliver Ekman-Larsson 1 1 2 2 2 1 2 3 0 0 0/0 18:35 0:08 0:00
Radek Faksa 1 1 2 1 0 1 1 0 0 0 9/11 15:45 0:00 1:51
Sonny Milano 0 0 0 0 0 3 0 0 2 0 0/0 13:45 0:00 0:00
Tyler Johnson 0 2 2 1 0 2 0 2 1 0 0/0 13:54 0:00 0:00
Vladimir Tarasenko 0 2 2 2 0 3 0 0 0 0 0/0 13:54 0:00 0:00
3 Stars
1 - Auston Matthews (PHI)
2 - Jake Allen (PHI)
3 - Elias Lindholm (PHI)
Power Play
Nashville Predators - 0 on 2 Attempt(s) - 0.00%
Philadelphia Flyers - 1 on 1 Attempt(s) - 100.00%
Penalty Kill
Nashville Predators - 0 on 1 Attempt(s) - 0.00%
- Score 0 goal in Penalty Kill
Philadelphia Flyers - 2 on 2 Attempt(s) - 100.00%
- Score 0 goal in Penalty Kill
Team Stat
Nashville Predators - Hits : 16 - Faceoff Wins : 16 - Blocked Shots : 11 - Penalty Minutes : 7
Philadelphia Flyers - Hits : 15 - Faceoff Wins : 37 - Blocked Shots : 9 - Penalty Minutes : 9
Official
Referees : Wes McCauley and Ghislain Hebert
Linesman : Pierre Racicot and John Grandt
Game Notes
Anthony Stolarz is injured at 7:55 of 1st period (Back)
Adin Hill enters game at 7:55 of 1st period
Charles Hudon and Ryan Carpenter fight to a draw at 17:48 of 2nd period
15:35 of 3rd period - Nashville Predators goal is going for a video replay. After video review, No Goal. The attacking player has interfered with a goalkeeper in his goal crease.
Finance
Level 1 -- Attendance: 4474 (74.57%) -- Ticket Income $433,978
Level 2 -- Attendance: 4064 (81.28%) -- Ticket Income $231,648
Level 3 -- Attendance: 2362 (78.73%) -- Ticket Income $80,308
Level 4 -- Attendance: 4318 (86.36%) -- Ticket Income $99,314
Luxury Box -- Attendance: 708 (70.80%) -- Ticket Income $138,060
Game was played at the Wells Fargo Center.
Total Attendance: 15926 (79.63%)
Total Ticket Income: $983,308
Other Income: $344,158
Total Income: $1,327,466
Nashville Predators
5 vs 5 Forward
Center Left Wing Right Wing Time % Phy DF OF
1 Blake Wheeler Kevin Labanc Corey Perry 30 1 2 2
2 Thomas Novak Alex Newhook Zemgus Girgensons 30 1 2 2
3 Riley Nash Patrick Maroon Ryan Carpenter 25 1 2 2
4 Sam Gagner Cameron Hughes Rasmus Kupari 15 1 2 2
5 vs 5 Defense
Defense Defense Time % Phy DF OF
1 Cale Makar Rasmus Ristolainen 35 1 2 2
2 Nate Schmidt Ethan Bear 35 1 2 2
3 Justin Braun Oliver Kylington 30 1 2 2
4 Cale Makar Rasmus Ristolainen 0 1 2 2
PowerPlay Forward
Center Left Wing Right Wing Time % Phy DF OF
1 Blake Wheeler Kevin Labanc Corey Perry 50 1 2 2
2 Thomas Novak Alex Newhook Zemgus Girgensons 50 1 2 2
PowerPlay Defense
Defense Defense Time % Phy DF OF
1 Cale Makar Rasmus Ristolainen 50 1 2 2
2 Nate Schmidt Ethan Bear 50 1 2 2
Penalty Kill 4 Players Forward
Center Wing Time % Phy DF OF
1 Blake Wheeler Corey Perry 50 1 2 2
2 Kevin Labanc Riley Nash 50 1 2 2
Penalty Kill 4 Players Defense
Defense Defense Time % Phy DF OF
1 Cale Makar Rasmus Ristolainen 50 1 2 2
2 Nate Schmidt Ethan Bear 50 1 2 2
Penalty Kill - 3 Players Forward
Forward Time % Phy DF OF
1 Blake Wheeler 50 1 2 2
2 Corey Perry 50 1 2 2
Penalty Kill - 3 Players Defense
Defense Defense Time % Phy DF OF
1 Cale Makar Rasmus Ristolainen 50 1 2 2
2 Nate Schmidt Ethan Bear 50 1 2 2
4 vs 4 Forward
Center Wing Time % Phy DF OF
1 Blake Wheeler Corey Perry 50 1 2 2
2 Thomas Novak Riley Nash 50 1 2 2
4 vs 4 Defense
Defense Defense Time % Phy DF OF
1 Cale Makar Rasmus Ristolainen 50 1 2 2
2 Nate Schmidt Ethan Bear 50 1 2 2
Last Minutes Offensive
Center Left Wing Right Wing Defense Defense
Blake Wheeler Kevin Labanc Corey Perry Cale Makar Rasmus Ristolainen
Last Minutes Defensive
Center Left Wing Right Wing Defense Defense
Blake Wheeler Kevin Labanc Corey Perry Cale Makar Rasmus Ristolainen
Goaltenders
Starting : Anthony Stolarz
Backup : Adin Hill
Extra Forwards
Normal : Sam Gagner, Patrick Maroon, Ryan Carpenter - PP : Sam Gagner, Patrick Maroon - PK : Ryan Carpenter
Extra Defensemen
Normal : Cale Makar, Oliver Kylington, Nate Schmidt - PP : Rasmus Ristolainen - PK : Oliver Kylington, Nate Schmidt
Penalty Shots
Blake Wheeler, Corey Perry, Kevin Labanc, Riley Nash, Alex Newhook
Philadelphia Flyers
5 vs 5 Forward
Center Left Wing Right Wing Time % Phy DF OF
1 Auston Matthews Matt Duchene Bryan Rust 25 0 2 3
2 Elias Lindholm Max Pacioretty Vladimir Tarasenko 25 0 2 3
3 Radek Faksa Marcus Johansson Tyler Johnson 25 0 2 3
4 Charles Hudon Jesper Fast Sonny Milano 25 0 3 2
5 vs 5 Defense
Defense Defense Time % Phy DF OF
1 Justin Faulk Ben Chiarot 35 1 2 2
2 Oliver Ekman-Larsson Artem Zub 35 1 2 2
3 Erik Gustafsson Matt Roy 30 1 2 2
4 Justin Faulk Ben Chiarot 0 1 2 2
PowerPlay Forward
Center Left Wing Right Wing Time % Phy DF OF
1 Auston Matthews Max Pacioretty Matt Duchene 50 0 1 4
2 Elias Lindholm Marcus Johansson Vladimir Tarasenko 50 0 1 4
PowerPlay Defense
Defense Defense Time % Phy DF OF
1 Justin Faulk Oliver Ekman-Larsson 50 0 2 3
2 Erik Gustafsson Matt Roy 50 0 2 3
Penalty Kill 4 Players Forward
Center Wing Time % Phy DF OF
1 Radek Faksa Bryan Rust 50 0 4 1
2 Elias Lindholm Jesper Fast 50 0 4 1
Penalty Kill 4 Players Defense
Defense Defense Time % Phy DF OF
1 Ben Chiarot Matt Roy 50 0 5 0
2 Artem Zub Justin Faulk 50 0 5 0
Penalty Kill - 3 Players Forward
Forward Time % Phy DF OF
1 Radek Faksa 50 0 5 0
2 Elias Lindholm 50 0 5 0
Penalty Kill - 3 Players Defense
Defense Defense Time % Phy DF OF
1 Ben Chiarot Matt Roy 50 0 5 0
2 Artem Zub Justin Faulk 50 0 5 0
4 vs 4 Forward
Center Wing Time % Phy DF OF
1 Auston Matthews Matt Duchene 50 0 2 3
2 Elias Lindholm Max Pacioretty 50 0 2 3
4 vs 4 Defense
Defense Defense Time % Phy DF OF
1 Justin Faulk Ben Chiarot 50 1 2 2
2 Oliver Ekman-Larsson Artem Zub 50 1 2 2
Last Minutes Offensive
Center Left Wing Right Wing Defense Defense
Auston Matthews Elias Lindholm Matt Duchene Justin Faulk Oliver Ekman-Larsson
Last Minutes Defensive
Center Left Wing Right Wing Defense Defense
Elias Lindholm Radek Faksa Bryan Rust Ben Chiarot Matt Roy
Goaltenders
Starting : Jake Allen
Backup : Connor Ingram
Extra Forwards
Normal : Auston Matthews, Elias Lindholm, Matt Duchene - PP : Auston Matthews, Elias Lindholm - PK : Elias Lindholm
Extra Defensemen
Normal : Justin Faulk, Oliver Ekman-Larsson, Erik Gustafsson - PP : Justin Faulk - PK : Ben Chiarot, Matt Roy
Penalty Shots
Auston Matthews, Matt Duchene, Max Pacioretty, Elias Lindholm, Vladimir Tarasenko
% Time on Ice - Nashville Predators
Lines # - Real PCT - Wanted PCT - Time Play
Normal Forward
1 - 28% - 30% - 15:34
2 - 28% - 30% - 15:38
3 - 26% - 25% - 14:24
4 - 18% - 15% - 10:18
Normal Defense
1 - 34% - 35% - 19:14
2 - 34% - 35% - 19:15
3 - 30% - 30% - 16:41
4 - 1% - 0% - 0:44
PP Forward
1 - 51% - 50% - 2:01
2 - 49% - 50% - 1:57
PP Defense
1 - 52% - 50% - 2:04
2 - 48% - 50% - 1:54
PK Forward
1 - 100% - 50% - 0:08
2 - 0% - 50% - 0:00
PK Defense
1 - 100% - 50% - 0:08
2 - 0% - 50% - 0:00
PK3 Forward
1 - 0% - 50%
2 - 0% - 50%
PK3 Defense
1 - 0% - 50%
2 - 0% - 50%
44 Forward
1 - 0% - 50%
2 - 0% - 50%
44 Defense
1 - 0% - 50%
2 - 0% - 50%
Last Minute Offensive - 0:00
Last Minute Defensive - 0:00
Total
Forward - 60:00
Defense - 60:00
|
% Time on Ice - Philadelphia Flyers
Lines # - Real PCT - Wanted PCT - Time Play
Normal Forward
1 - 26% - 25% - 14:16
2 - 25% - 25% - 13:59
3 - 25% - 25% - 13:54
4 - 25% - 25% - 13:45
Normal Defense
1 - 33% - 35% - 18:39
2 - 33% - 35% - 18:42
3 - 33% - 30% - 18:18
4 - 0% - 0% - 0:15
PP Forward
1 - 100% - 50% - 0:08
2 - 0% - 50% - 0:00
PP Defense
1 - 100% - 50% - 0:08
2 - 0% - 50% - 0:00
PK Forward
1 - 48% - 50% - 1:55
2 - 52% - 50% - 2:03
PK Defense
1 - 50% - 50% - 2:00
2 - 50% - 50% - 1:58
PK3 Forward
1 - 0% - 50%
2 - 0% - 50%
PK3 Defense
1 - 0% - 50%
2 - 0% - 50%
44 Forward
1 - 0% - 50%
2 - 0% - 50%
44 Defense
1 - 0% - 50%
2 - 0% - 50%
Last Minute Offensive - 0:00
Last Minute Defensive - 0:00
Total
Forward - 60:00
Defense - 60:00
|
Play-by-Play
1st period
0:01 of 1st period - Blake Wheeler wins face-off versus Auston Matthews in neutral zone.
0:10 of 1st period - Backhand shot by Blake Wheeler.
0:10 of 1st period - Shot Misses the Net.
0:33 of 1st period - Wrist shot by Elias Lindholm.
0:33 of 1st period - Deflect By Vladimir Tarasenko.
0:33 of 1st period - Shot Misses the Net.
0:33 of 1st period - Puck is out of play.
0:34 of 1st period - Radek Faksa wins face-off versus Riley Nash in Nashville Predators zone.
0:59 of 1st period - Snap shot by Radek Faksa.
0:59 of 1st period - Shot Misses the Net.
1:21 of 1st period - Slapshot by Vladimir Tarasenko.
1:21 of 1st period - Shot Misses the Net.
1:31 of 1st period - Snap shot by Max Pacioretty.
1:31 of 1st period - Goal by Max Pacioretty - Nashville Predators : 0 - Philadelphia Flyers : 1.
1:32 of 1st period - Charles Hudon wins face-off versus Blake Wheeler in neutral zone.
1:35 of 1st period - Snap shot by Sonny Milano.
1:35 of 1st period - Deflect By Jesper Fast.
1:35 of 1st period - Stopped by Anthony Stolarz with a rebound.
1:43 of 1st period - Wrist shot by Corey Perry.
1:43 of 1st period - Stopped by Jake Allen with a rebound.
1:45 of 1st period - Slapshot by Oliver Kylington.
1:45 of 1st period - Shot Blocked by Charles Hudon.
1:47 of 1st period - Slapshot by Justin Braun.
1:47 of 1st period - Shot Blocked by Matt Roy.
2:04 of 1st period - Wrist shot by Matt Duchene.
2:04 of 1st period - Shot Blocked by Rasmus Ristolainen.
2:06 of 1st period - Snap shot by Matt Duchene.
2:06 of 1st period - Stopped by Anthony Stolarz without a rebound.
2:07 of 1st period - Zemgus Girgensons wins face-off versus Radek Faksa in Nashville Predators zone.
2:49 of 1st period - Wrist shot by Blake Wheeler.
2:49 of 1st period - Shot Misses the Net.
2:51 of 1st period - Slapshot by Cale Makar.
2:51 of 1st period - Stopped by Jake Allen without a rebound.
2:52 of 1st period - Auston Matthews wins face-off versus Blake Wheeler in Philadelphia Flyers zone.
3:19 of 1st period - Slapshot by Corey Perry.
3:19 of 1st period - Stopped by Jake Allen without a rebound.
3:20 of 1st period - Riley Nash wins face-off versus Charles Hudon in Philadelphia Flyers zone.
3:21 of 1st period - Snap shot by Patrick Maroon.
3:21 of 1st period - Stopped by Jake Allen with a rebound.
3:23 of 1st period - Slapshot by Oliver Kylington.
3:23 of 1st period - Stopped by Jake Allen with a rebound.
3:45 of 1st period - Zemgus Girgensons is hit by Oliver Ekman-Larsson and loses puck.
4:35 of 1st period - Snap shot by Matt Duchene.
4:35 of 1st period - Stopped by Anthony Stolarz without a rebound.
4:36 of 1st period - Charles Hudon wins face-off versus Riley Nash in Nashville Predators zone.
5:01 of 1st period - Nate Schmidt is hit by Marcus Johansson and loses puck.
5:06 of 1st period - Snap shot by Tyler Johnson.
5:06 of 1st period - Stopped by Anthony Stolarz with a rebound.
6:17 of 1st period - Snap shot by Cale Makar.
6:17 of 1st period - Stopped by Jake Allen with a rebound.
6:49 of 1st period - Snap shot by Blake Wheeler.
6:49 of 1st period - Deflect By Corey Perry.
6:49 of 1st period - Stopped by Jake Allen with a rebound.
6:51 of 1st period - Wrist shot by Ethan Bear.
6:51 of 1st period - Shot Blocked by Matt Roy.
6:53 of 1st period - Wrist shot by Corey Perry.
6:53 of 1st period - Shot Misses the Net.
6:55 of 1st period - Slapshot by Ethan Bear.
6:55 of 1st period - Stopped by Jake Allen with a rebound.
7:07 of 1st period - Rasmus Kupari is hit by Auston Matthews and loses puck.
7:12 of 1st period - Snap shot by Auston Matthews.
7:12 of 1st period - Shot Blocked by Justin Braun.
7:55 of 1st period - Backhand shot by Jesper Fast.
7:55 of 1st period - Stopped by Anthony Stolarz with a rebound.
7:55 of 1st period - Anthony Stolarz from Nashville Predators is injured at 7:55 of 1st period (Back).
7:55 of 1st period - Adin Hill enters game.
7:56 of 1st period - Elias Lindholm wins face-off versus Thomas Novak in Nashville Predators zone.
7:59 of 1st period - Slapshot by Elias Lindholm.
7:59 of 1st period - Shot Blocked by Rasmus Ristolainen.
8:01 of 1st period - Snap shot by Oliver Ekman-Larsson.
8:01 of 1st period - Shot Blocked by Rasmus Ristolainen.
8:03 of 1st period - Snap shot by Elias Lindholm.
8:03 of 1st period - Goal by Elias Lindholm - Nashville Predators : 0 - Philadelphia Flyers : 2.
8:04 of 1st period - Thomas Novak wins face-off versus Charles Hudon in neutral zone.
8:11 of 1st period - Snap shot by Thomas Novak.
8:11 of 1st period - Stopped by Jake Allen with a rebound.
8:13 of 1st period - Snap shot by Alex Newhook.
8:13 of 1st period - Stopped by Jake Allen with a rebound.
8:15 of 1st period - Backhand shot by Ethan Bear.
8:15 of 1st period - Shot Blocked by Ben Chiarot.
8:38 of 1st period - Wrist shot by Marcus Johansson.
8:38 of 1st period - Stopped by Adin Hill with a rebound.
8:54 of 1st period - Snap shot by Vladimir Tarasenko.
8:54 of 1st period - Stopped by Adin Hill without a rebound.
8:55 of 1st period - Elias Lindholm wins face-off versus Sam Gagner in Nashville Predators zone.
9:00 of 1st period - Snap shot by Elias Lindholm.
9:00 of 1st period - Shot Misses the Net.
9:46 of 1st period - Wrist shot by Vladimir Tarasenko.
9:46 of 1st period - Stopped by Adin Hill without a rebound.
9:47 of 1st period - Auston Matthews wins face-off versus Riley Nash in Nashville Predators zone.
9:51 of 1st period - Icing by Riley Nash.
9:52 of 1st period - Auston Matthews wins face-off versus Riley Nash in Nashville Predators zone.
9:53 of 1st period - Wrist shot by Matt Duchene.
9:53 of 1st period - Shot Misses the Net.
9:58 of 1st period - Off-side.
9:59 of 1st period - Matt Duchene wins face-off versus Thomas Novak in neutral zone.
10:14 of 1st period - Wrist shot by Auston Matthews.
10:14 of 1st period - Stopped by Adin Hill with a rebound.
10:16 of 1st period - Snap shot by Auston Matthews.
10:16 of 1st period - Goal by Auston Matthews - Nashville Predators : 0 - Philadelphia Flyers : 3.
10:17 of 1st period - Charles Hudon wins face-off versus Blake Wheeler in neutral zone.
10:53 of 1st period - Snap shot by Auston Matthews.
10:53 of 1st period - Stopped by Adin Hill with a rebound.
11:05 of 1st period - Slapshot by Corey Perry.
11:05 of 1st period - Stopped by Jake Allen without a rebound.
11:06 of 1st period - Radek Faksa wins face-off versus Riley Nash in Philadelphia Flyers zone.
11:19 of 1st period - Wrist shot by Radek Faksa.
11:19 of 1st period - Goal by Radek Faksa - Nashville Predators : 0 - Philadelphia Flyers : 4.
11:20 of 1st period - Thomas Novak wins face-off versus Charles Hudon in neutral zone.
11:29 of 1st period - Jesper Fast is hit by Zemgus Girgensons and loses puck.
12:09 of 1st period - Off-side.
12:10 of 1st period - Auston Matthews wins face-off versus Blake Wheeler in neutral zone.
12:19 of 1st period - Backhand shot by Matt Duchene.
12:19 of 1st period - Stopped by Adin Hill without a rebound.
12:20 of 1st period - Thomas Novak wins face-off versus Elias Lindholm in Nashville Predators zone.
12:51 of 1st period - Wrist shot by Elias Lindholm.
12:51 of 1st period - Stopped by Adin Hill without a rebound.
12:52 of 1st period - Radek Faksa wins face-off versus Riley Nash in Nashville Predators zone.
13:40 of 1st period - Snap shot by Blake Wheeler.
13:40 of 1st period - Shot Blocked by Oliver Ekman-Larsson.
13:42 of 1st period - Snap shot by Kevin Labanc.
13:42 of 1st period - Stopped by Jake Allen with a rebound.
14:06 of 1st period - Slapshot by Elias Lindholm.
14:06 of 1st period - Shot Misses the Net.
15:09 of 1st period - Max Pacioretty is hit by Corey Perry and loses puck.
16:10 of 1st period - Slapshot by Sam Gagner.
16:10 of 1st period - Stopped by Jake Allen with a rebound.
16:12 of 1st period - Wrist shot by Alex Newhook.
16:12 of 1st period - Shot Blocked by Tyler Johnson.
16:14 of 1st period - Snap shot by Zemgus Girgensons.
16:14 of 1st period - Stopped by Jake Allen with a rebound.
16:56 of 1st period - Wrist shot by Riley Nash.
16:56 of 1st period - Shot Misses the Net.
18:07 of 1st period - Elias Lindholm is hit by Justin Braun and loses puck.
18:12 of 1st period - Snap shot by Alex Newhook.
18:12 of 1st period - Stopped by Jake Allen with a rebound.
18:14 of 1st period - Snap shot by Alex Newhook.
18:14 of 1st period - Stopped by Jake Allen with a rebound.
18:35 of 1st period - Snap shot by Auston Matthews.
18:35 of 1st period - Shot Misses the Net.
18:37 of 1st period - Snap shot by Bryan Rust.
18:37 of 1st period - Stopped by Adin Hill without a rebound.
18:38 of 1st period - Charles Hudon wins face-off versus Thomas Novak in Nashville Predators zone.
18:51 of 1st period - Slapshot by Sonny Milano.
18:51 of 1st period - Stopped by Adin Hill without a rebound.
18:52 of 1st period - Auston Matthews wins face-off versus Blake Wheeler in Nashville Predators zone.
19:07 of 1st period - Wrist shot by Auston Matthews.
19:07 of 1st period - Shot Blocked by Corey Perry.
19:26 of 1st period - Slapshot by Thomas Novak.
19:26 of 1st period - Stopped by Jake Allen without a rebound.
19:27 of 1st period - Thomas Novak wins face-off versus Radek Faksa in Philadelphia Flyers zone.
19:30 of 1st period - Slapshot by Cale Makar.
19:30 of 1st period - Stopped by Jake Allen without a rebound.
19:31 of 1st period - Thomas Novak wins face-off versus Marcus Johansson in Philadelphia Flyers zone.
19:34 of 1st period - Slapshot by Thomas Novak.
19:34 of 1st period - Shot Misses the Net.
19:36 of 1st period - Slapshot by Thomas Novak.
19:36 of 1st period - Stopped by Jake Allen with a rebound.
Goals for this period are 0 for Nashville Predators vs 4 for Philadelphia Flyers.
Shots for this period are 19 for Nashville Predators vs 18 for Philadelphia Flyers.
2nd period
0:01 of 2nd period - Auston Matthews wins face-off versus Blake Wheeler in neutral zone.
0:48 of 2nd period - Snap shot by Vladimir Tarasenko.
0:48 of 2nd period - Stopped by Adin Hill with a rebound.
1:32 of 2nd period - Oliver Ekman-Larsson is hit by Blake Wheeler and loses puck.
2:48 of 2nd period - Slapshot by Tyler Johnson.
2:48 of 2nd period - Shot Misses the Net.
2:50 of 2nd period - Snap shot by Matt Roy.
2:50 of 2nd period - Stopped by Adin Hill with a rebound.
3:43 of 2nd period - Thomas Novak is hit by Justin Faulk and loses puck.
4:02 of 2nd period - Snap shot by Matt Duchene.
4:02 of 2nd period - Stopped by Adin Hill with a rebound.
4:04 of 2nd period - Slapshot by Bryan Rust.
4:04 of 2nd period - Deflect By Auston Matthews.
4:04 of 2nd period - Shot Blocked by Alex Newhook.
4:04 of 2nd period - Puck is out of play.
4:05 of 2nd period - Auston Matthews wins face-off versus Riley Nash in Nashville Predators zone.
4:33 of 2nd period - Icing by Matt Duchene.
4:34 of 2nd period - Auston Matthews wins face-off versus Sam Gagner in Philadelphia Flyers zone.
4:59 of 2nd period - Kevin Labanc is hit by Justin Faulk and loses puck.
5:54 of 2nd period - Riley Nash is hit by Erik Gustafsson and loses puck.
6:15 of 2nd period - Cale Makar is hit by Matt Roy.
7:51 of 2nd period - Snap shot by Blake Wheeler.
7:51 of 2nd period - Stopped by Jake Allen with a rebound.
8:17 of 2nd period - Sonny Milano is hit by Alex Newhook and loses puck.
8:41 of 2nd period - Matt Duchene is hit by Ryan Carpenter.
8:45 of 2nd period - Auston Matthews is hit by Riley Nash and loses puck.
9:00 of 2nd period - Tyler Johnson is hit by Rasmus Kupari and loses puck.
9:20 of 2nd period - Rasmus Kupari is hit by Elias Lindholm and loses puck.
9:25 of 2nd period - Wrist shot by Elias Lindholm.
9:25 of 2nd period - Stopped by Adin Hill without a rebound.
9:26 of 2nd period - Blake Wheeler wins face-off versus Elias Lindholm in Nashville Predators zone.
9:51 of 2nd period - Vladimir Tarasenko is hit by Ethan Bear and loses puck.
10:16 of 2nd period - Snap shot by Riley Nash.
10:16 of 2nd period - Shot Misses the Net.
10:18 of 2nd period - Wrist shot by Nate Schmidt.
10:18 of 2nd period - Shot Misses the Net.
10:40 of 2nd period - Wrist shot by Jesper Fast.
10:40 of 2nd period - Stopped by Adin Hill without a rebound.
10:41 of 2nd period - Radek Faksa wins face-off versus Blake Wheeler in Nashville Predators zone.
10:58 of 2nd period - Artem Zub is hit by Corey Perry and loses puck.
12:48 of 2nd period - Nate Schmidt is hit by Ben Chiarot.
12:54 of 2nd period - Wrist shot by Tyler Johnson.
12:54 of 2nd period - Stopped by Adin Hill without a rebound.
12:55 of 2nd period - Thomas Novak wins face-off versus Jesper Fast in Nashville Predators zone.
13:23 of 2nd period - Wrist shot by Marcus Johansson.
13:23 of 2nd period - Shot Blocked by Justin Braun.
13:25 of 2nd period - Slapshot by Artem Zub.
13:25 of 2nd period - Stopped by Adin Hill without a rebound.
13:26 of 2nd period - Radek Faksa wins face-off versus Blake Wheeler in Nashville Predators zone.
13:37 of 2nd period - Slapshot by Cale Makar.
13:37 of 2nd period - Shot Blocked by Oliver Ekman-Larsson.
13:39 of 2nd period - Slapshot by Cale Makar.
13:39 of 2nd period - Stopped by Jake Allen with a rebound.
13:41 of 2nd period - Wrist shot by Blake Wheeler.
13:41 of 2nd period - Deflect By Corey Perry.
13:41 of 2nd period - Stopped by Jake Allen with a rebound.
13:43 of 2nd period - Snap shot by Corey Perry.
13:43 of 2nd period - Stopped by Jake Allen without a rebound.
13:44 of 2nd period - Charles Hudon wins face-off versus Thomas Novak in Philadelphia Flyers zone.
13:44 of 2nd period - Charles Hudon is hit by Zemgus Girgensons.
14:10 of 2nd period - Patrick Maroon is hit by Bryan Rust and loses puck.
14:21 of 2nd period - Snap shot by Riley Nash.
14:21 of 2nd period - Shot Misses the Net.
14:54 of 2nd period - Snap shot by Sonny Milano.
14:54 of 2nd period - Stopped by Adin Hill without a rebound.
14:55 of 2nd period - Thomas Novak wins face-off versus Charles Hudon in Nashville Predators zone.
15:28 of 2nd period - Snap shot by Kevin Labanc.
15:28 of 2nd period - Shot Misses the Net.
15:30 of 2nd period - Slapshot by Justin Braun.
15:30 of 2nd period - Stopped by Jake Allen with a rebound.
16:00 of 2nd period - Bryan Rust is hit by Ryan Carpenter and loses puck.
16:21 of 2nd period - Wrist shot by Oliver Ekman-Larsson.
16:21 of 2nd period - Goal by Oliver Ekman-Larsson - Nashville Predators : 0 - Philadelphia Flyers : 5.
16:22 of 2nd period - Radek Faksa wins face-off versus Thomas Novak in neutral zone.
16:25 of 2nd period - Snap shot by Marcus Johansson.
16:25 of 2nd period - Shot Misses the Net.
16:35 of 2nd period - Slapshot by Alex Newhook.
16:35 of 2nd period - Shot Misses the Net.
16:37 of 2nd period - Snap shot by Thomas Novak.
16:37 of 2nd period - Shot Blocked by Tyler Johnson.
17:18 of 2nd period - Snap shot by Radek Faksa.
17:18 of 2nd period - Shot Misses the Net.
17:20 of 2nd period - Wrist shot by Tyler Johnson.
17:20 of 2nd period - Shot Misses the Net.
17:22 of 2nd period - Snap shot by Marcus Johansson.
17:22 of 2nd period - Goal by Marcus Johansson - Nashville Predators : 0 - Philadelphia Flyers : 6.
17:23 of 2nd period - Charles Hudon wins face-off versus Blake Wheeler in neutral zone.
17:48 of 2nd period - Snap shot by Riley Nash.
17:48 of 2nd period - Stopped by Jake Allen without a rebound.
17:48 of 2nd period - Charles Hudon and Ryan Carpenter fight to a draw.
17:48 of 2nd period - Penalty to Charles Hudon for Fighting.
17:48 of 2nd period - Penalty to Ryan Carpenter for Fighting.
17:49 of 2nd period - Thomas Novak wins face-off versus Elias Lindholm in Philadelphia Flyers zone.
18:04 of 2nd period - Snap shot by Elias Lindholm.
18:04 of 2nd period - Shot Blocked by Oliver Kylington.
18:06 of 2nd period - Snap shot by Erik Gustafsson.
18:06 of 2nd period - Shot Blocked by Oliver Kylington.
19:38 of 2nd period - Wrist shot by Sonny Milano.
19:38 of 2nd period - Deflect By Blake Wheeler.
19:38 of 2nd period - Shot Misses the Net.
19:38 of 2nd period - Puck is out of play.
19:39 of 2nd period - Auston Matthews wins face-off versus Blake Wheeler in Nashville Predators zone.
19:46 of 2nd period - Snap shot by Sonny Milano.
19:46 of 2nd period - Stopped by Adin Hill without a rebound.
19:47 of 2nd period - Elias Lindholm wins face-off versus Blake Wheeler in Nashville Predators zone.
Goals for this period are 0 for Nashville Predators vs 2 for Philadelphia Flyers.
Shots for this period are 6 for Nashville Predators vs 11 for Philadelphia Flyers.
3rd period
0:01 of 3rd period - Alex Newhook wins face-off versus Auston Matthews in neutral zone.
0:13 of 3rd period - Off-side.
0:14 of 3rd period - Elias Lindholm wins face-off versus Blake Wheeler in neutral zone.
0:25 of 3rd period - Matt Roy is hit by Blake Wheeler and loses puck.
1:10 of 3rd period - Wrist shot by Marcus Johansson.
1:10 of 3rd period - Shot Misses the Net.
1:22 of 3rd period - Bryan Rust is hit by Corey Perry.
2:06 of 3rd period - Icing by Riley Nash.
2:07 of 3rd period - Auston Matthews wins face-off versus Riley Nash in Nashville Predators zone.
2:34 of 3rd period - Cale Makar is hit by Artem Zub and loses puck.
2:51 of 3rd period - Snap shot by Sam Gagner.
2:51 of 3rd period - Stopped by Jake Allen with a rebound.
2:53 of 3rd period - Snap shot by Justin Braun.
2:53 of 3rd period - Shot Misses the Net.
2:55 of 3rd period - Wrist shot by Sam Gagner.
2:55 of 3rd period - Goal by Sam Gagner - Nashville Predators : 1 - Philadelphia Flyers : 6.
2:56 of 3rd period - Zemgus Girgensons wins face-off versus Elias Lindholm in neutral zone.
2:59 of 3rd period - Snap shot by Alex Newhook.
2:59 of 3rd period - Shot Misses the Net.
3:01 of 3rd period - Snap shot by Thomas Novak.
3:01 of 3rd period - Stopped by Jake Allen with a rebound.
3:03 of 3rd period - Slapshot by Ethan Bear.
3:03 of 3rd period - Shot Misses the Net.
3:09 of 3rd period - Snap shot by Alex Newhook.
3:09 of 3rd period - Deflect By Zemgus Girgensons.
3:09 of 3rd period - Shot Misses the Net.
3:09 of 3rd period - Puck is out of play.
3:10 of 3rd period - Auston Matthews wins face-off versus Blake Wheeler in Philadelphia Flyers zone.
3:23 of 3rd period - Slapshot by Bryan Rust.
3:23 of 3rd period - Stopped by Adin Hill without a rebound.
3:24 of 3rd period - Elias Lindholm wins face-off versus Thomas Novak in Nashville Predators zone.
3:57 of 3rd period - Snap shot by Corey Perry.
3:57 of 3rd period - Shot Hit the Post.
4:50 of 3rd period - Wrist shot by Kevin Labanc.
4:50 of 3rd period - Stopped by Jake Allen with a rebound.
5:16 of 3rd period - Snap shot by Elias Lindholm.
5:16 of 3rd period - Stopped by Adin Hill with a rebound.
5:47 of 3rd period - Slapshot by Nate Schmidt.
5:47 of 3rd period - Shot Misses the Net.
5:49 of 3rd period - Slapshot by Thomas Novak.
5:49 of 3rd period - Shot Misses the Net.
5:51 of 3rd period - Slapshot by Zemgus Girgensons.
5:51 of 3rd period - Stopped by Jake Allen without a rebound.
5:52 of 3rd period - Charles Hudon wins face-off versus Blake Wheeler in Philadelphia Flyers zone.
6:33 of 3rd period - Minor Penalty to Oliver Ekman-Larsson for High sticking.
6:34 of 3rd period - Radek Faksa wins face-off versus Blake Wheeler in Philadelphia Flyers zone.
6:59 of 3rd period - Alex Newhook is hit by Radek Faksa and loses puck.
8:32 of 3rd period - Marcus Johansson is hit by Nate Schmidt and loses puck.
8:33 of 3rd period - Penalty to Oliver Ekman-Larsson is over, Oliver Ekman-Larsson is back on ice.
9:00 of 3rd period - Cameron Hughes is hit by Matt Duchene and loses puck.
10:00 of 3rd period - Slapshot by Max Pacioretty.
10:00 of 3rd period - Stopped by Adin Hill without a rebound.
10:01 of 3rd period - Thomas Novak wins face-off versus Elias Lindholm in Nashville Predators zone.
10:12 of 3rd period - Wrist shot by Vladimir Tarasenko.
10:12 of 3rd period - Shot Blocked by Zemgus Girgensons.
11:08 of 3rd period - Wrist shot by Ryan Carpenter.
11:08 of 3rd period - Stopped by Jake Allen with a rebound.
11:10 of 3rd period - Slapshot by Nate Schmidt.
11:10 of 3rd period - Shot Hit the Post.
11:12 of 3rd period - Snap shot by Patrick Maroon.
11:12 of 3rd period - Shot Misses the Net.
11:46 of 3rd period - Snap shot by Blake Wheeler.
11:46 of 3rd period - Stopped by Jake Allen with a rebound.
12:28 of 3rd period - Alex Newhook is hit by Ben Chiarot and loses puck.
13:03 of 3rd period - Snap shot by Cale Makar.
13:03 of 3rd period - Shot Misses the Net.
14:06 of 3rd period - Icing by Bryan Rust.
14:07 of 3rd period - Auston Matthews wins face-off versus Blake Wheeler in Philadelphia Flyers zone.
14:12 of 3rd period - Cale Makar is hit by Oliver Ekman-Larsson and loses puck.
14:19 of 3rd period - Snap shot by Matt Duchene.
14:19 of 3rd period - Deflect By Auston Matthews.
14:19 of 3rd period - Shot Misses the Net.
14:19 of 3rd period - Puck is out of play.
14:20 of 3rd period - Charles Hudon wins face-off versus Kevin Labanc in Nashville Predators zone.
14:33 of 3rd period - Snap shot by Blake Wheeler.
14:33 of 3rd period - Stopped by Jake Allen with a rebound.
14:35 of 3rd period - Snap shot by Kevin Labanc.
14:35 of 3rd period - Shot Misses the Net.
15:31 of 3rd period - Wrist shot by Kevin Labanc.
15:31 of 3rd period - Shot Misses the Net.
15:33 of 3rd period - Wrist shot by Blake Wheeler.
15:33 of 3rd period - Shot Blocked by Oliver Ekman-Larsson.
15:35 of 3rd period - Snap shot by Nate Schmidt.
15:35 of 3rd period - Nashville Predators goal is going for a video replay.
15:35 of 3rd period - The goal is refused. The attacking player has interfered with a goalkeeper in his goal crease..
15:36 of 3rd period - Alex Newhook wins face-off versus Charles Hudon in Philadelphia Flyers zone.
15:41 of 3rd period - Snap shot by Alex Newhook.
15:41 of 3rd period - Stopped by Jake Allen with a rebound.
15:57 of 3rd period - Minor Penalty to Alex Newhook for Hooking.
15:58 of 3rd period - Auston Matthews wins face-off versus Blake Wheeler in Nashville Predators zone.
16:01 of 3rd period - Snap shot by Auston Matthews.
16:01 of 3rd period - Stopped by Adin Hill with a rebound.
16:03 of 3rd period - Wrist shot by Auston Matthews.
16:03 of 3rd period - Shot Misses the Net.
16:05 of 3rd period - Wrist shot by Auston Matthews.
16:05 of 3rd period - Goal by Auston Matthews - Nashville Predators : 1 - Philadelphia Flyers : 7.
16:06 of 3rd period - Elias Lindholm wins face-off versus Blake Wheeler in neutral zone.
16:06 of 3rd period - Vladimir Tarasenko is hit by Corey Perry and loses puck.
16:19 of 3rd period - Snap shot by Kevin Labanc.
16:19 of 3rd period - Shot Misses the Net.
16:24 of 3rd period - Minor Penalty to Max Pacioretty for Hooking.
16:25 of 3rd period - Radek Faksa wins face-off versus Thomas Novak in Philadelphia Flyers zone.
16:38 of 3rd period - Off-side.
16:39 of 3rd period - Radek Faksa wins face-off versus Blake Wheeler in neutral zone.
18:24 of 3rd period - Penalty to Max Pacioretty is over, Max Pacioretty is back on ice.
18:53 of 3rd period - Slapshot by Cale Makar.
18:53 of 3rd period - Stopped by Jake Allen with a rebound.
19:11 of 3rd period - Snap shot by Sam Gagner.
19:11 of 3rd period - Shot Misses the Net.
19:21 of 3rd period - Snap shot by Sonny Milano.
19:21 of 3rd period - Shot Blocked by Justin Braun.
19:23 of 3rd period - Snap shot by Jesper Fast.
19:23 of 3rd period - Stopped by Adin Hill with a rebound.
Goals for this period are 1 for Nashville Predators vs 1 for Philadelphia Flyers.
Shots for this period are 11 for Nashville Predators vs 6 for Philadelphia Flyers.
Back to the Top